HSSL
OCEANSIDE HS PIRATES @ SPANISH FORK HS
05/04/2026
 
TOP OF THE 1ST
Oceanside HS Pirates batting - Pitching for Spanish Fork HS : LHP Bob Taylor
Pitching: LHP Bob Taylor
Batting: RHB Glen Madden 0-0: Called Strike
0-1: Ball
1-1: Called Strike
1-2: Ball
2-2: Ball
3-2: Base on Balls
Batting: RHB Henry Rose 0-0: Called Strike
0-1: Swinging Strike
0-2: Ball
1-2: Strikes out swinging
Glen Madden steals 2nd base
Batter strikes out.
Batting: LHB Ron Young 0-0: Ball
1-0: Foul Ball, location: 2F
1-1: Ball
2-1: Ground out 4-3 (Groundball, 4)
Glen Madden to third
Batting: RHB Danny Boykins 0-0: Ball
1-0: Called Strike
1-1: Ground out 5-3 (Groundball, 5S)
Top of the 1st over - 0 run(s), 0 hit(s), 0 error(s), 1 left on base; Oceanside HS 0 - Spanish Fork HS 0
BOTTOM OF THE 1ST
Spanish Fork HS batting - Pitching for Oceanside HS Pirates : LHP Bob Wallace
Pitching: LHP Bob Wallace
Batting: RHB Gary Roberts 0-0: Called Strike
0-1: Called Strike
0-2: Strikes out swinging
Batting: LHB Greg MacCanish 0-0: Foul Ball, location: 2F
0-1: SOLO HOME RUN (Flyball, 9D), Distance : 364 ft
Batting: LHB Jason Mills 0-0: Ball
1-0: SINGLE (Flyball, 78M)
Batting: RHB Jim Jones 0-0: Fielders Choice at 2nd, 5-4 (Groundball, 56)
Batting: RHB Chester Mullins 0-0: SINGLE (Line Drive, 34)
Jim Jones to second
Batting: RHB Julius Shelton 0-0: Ball
1-0: SINGLE (Line Drive, 4D)
Jim Jones to third
Chester Mullins to second
Runner from 3rd tries for Home, SAFE, no throw or cutoff
Batting: RHB Jim Quinborough 0-0: Ball
1-0: Ground out 1-3 (Groundball, 13S)
Bottom of the 1st over - 2 run(s), 4 hit(s), 0 error(s), 2 left on base; Oceanside HS 0 - Spanish Fork HS 2
TOP OF THE 2ND
Oceanside HS Pirates batting - Pitching for Spanish Fork HS : LHP Bob Taylor
Batting: SHB Jerry Young 0-0: Ball
1-0: Ball
2-0: Ball
3-0: Base on Balls
Batting: LHB Preston Spencer 0-0: Called Strike
0-1: Ball
1-1: Grounds into double play, 1-4-3 (Groundball, 13)
Batting: LHB Greg Sharpe 0-0: Foul Ball, location: 2F
0-1: Swinging Strike
0-2: Foul Ball, location: 2F
0-2: Foul Ball, location: 2F
0-2: Fly out, F7 (Flyball, 78M)
Top of the 2nd over - 0 run(s), 0 hit(s), 0 error(s), 0 left on base; Oceanside HS 0 - Spanish Fork HS 2
BOTTOM OF THE 2ND
Spanish Fork HS batting - Pitching for Oceanside HS Pirates : LHP Bob Wallace
Batting: SHB Héctor Arteago 0-0: Called Strike
0-1: Ball
1-1: Swinging Strike
1-2: Foul Ball, location: 2F
1-2: SINGLE (Groundball, 56D)
Batting: SHB Miguel Gómez 0-0: Foul Ball, location: 2F
0-1: Ball
1-1: Foul Ball, location: 2F
1-2: Strikes out swinging
Batting: RHB Gary Roberts 0-0: Swinging Strike
0-1: Foul Ball, location: 2F
0-2: Strikes out swinging
Batting: LHB Greg MacCanish 0-0: Called Strike
0-1: Swinging Strike
0-2: Ball
1-2: Foul Ball, location: 2F
1-2: Ball
2-2: Foul Ball, location: 2F
2-2: Strikes out swinging
Bottom of the 2nd over - 0 run(s), 1 hit(s), 0 error(s), 1 left on base; Oceanside HS 0 - Spanish Fork HS 2
TOP OF THE 3RD
Oceanside HS Pirates batting - Pitching for Spanish Fork HS : LHP Bob Taylor
Batting: RHB Anthony Payton 0-0: Called Strike
0-1: Ball
1-1: Ball
2-1: Swinging Strike
2-2: Ball
3-2: Fly out, F4 (Popup, 4)
Batting: LHB Miguel Maldonado 0-0: Reached on error, E6 (Groundball, 6M)
Batting: RHB Glen Madden 0-0: Ball
1-0: Called Strike
Miguel Maldonado steals 2nd base
1-1: Foul Ball, location: 2F
1-2: Strikes out swinging
Batting: RHB Henry Rose 0-0: Called Strike
0-1: Ball
1-1: Called Strike
1-2: SINGLE (Flyball, 8LM)
Miguel Maldonado to third
Runner from 3rd tries for Home, SAFE, no throw or cutoff
Batting: LHB Ron Young 0-0: Ball
1-0: Called Strike
1-1: Called Strike
1-2: Strikes out looking
Top of the 3rd over - 1 run(s), 1 hit(s), 1 error(s), 1 left on base; Oceanside HS 1 - Spanish Fork HS 2
BOTTOM OF THE 3RD
Spanish Fork HS batting - Pitching for Oceanside HS Pirates : LHP Bob Wallace
Batting: LHB Jason Mills 0-0: Called Strike
0-1: Ball
1-1: Foul Ball, location: 2F
1-2: Strikes out swinging
Batting: RHB Jim Jones 0-0: Called Strike
0-1: Ball
1-1: Called Strike
1-2: Ball
2-2: Ball
3-2: Ground out 6-3 (Groundball, 6)
Batting: RHB Chester Mullins 0-0: Fly out, F6 (Popup, 56D)
Bottom of the 3rd over - 0 run(s), 0 hit(s), 0 error(s), 0 left on base; Oceanside HS 1 - Spanish Fork HS 2
TOP OF THE 4TH
Oceanside HS Pirates batting - Pitching for Spanish Fork HS : LHP Bob Taylor
Batting: RHB Danny Boykins 0-0: Ball
1-0: Called Strike
1-1: Foul Ball, location: 2F
1-2: Fly out, F8 (Flyball, 8RS)
Batting: SHB Jerry Young 0-0: Ball
1-0: Ball
2-0: Foul Ball, location: 2F
2-1: Ball
3-1: SINGLE (Groundball, 25) (infield hit)
Batting: LHB Preston Spencer 0-0: Ball
1-0: Ball
Jerry Young steals 2nd base
2-0: Ball
3-0: Called Strike
3-1: Called Strike
3-2: 2-RUN HOME RUN (Flyball, 9LD), Distance : 331 ft
Batting: LHB Greg Sharpe 0-0: Fly out, F7 (Line Drive, 7D)
Batting: RHB Anthony Payton 0-0: Called Strike
0-1: Ball
1-1: Fly out, F8 (Flyball, 8RM)
Top of the 4th over - 2 run(s), 2 hit(s), 0 error(s), 0 left on base; Oceanside HS 3 - Spanish Fork HS 2
BOTTOM OF THE 4TH
Spanish Fork HS batting - Pitching for Oceanside HS Pirates : LHP Bob Wallace
Batting: RHB Julius Shelton 0-0: Called Strike
0-1: Ball
1-1: Called Strike
1-2: SINGLE (Groundball, 6D) (infield hit)
Batting: RHB Jim Quinborough 0-0: SINGLE (Flyball, 8LS)
Julius Shelton to second
Batting: SHB Héctor Arteago 0-0: Ball
1-0: Ball
2-0: Ball
3-0: Base on Balls
Julius Shelton to third
Jim Quinborough to second
Batting: SHB Miguel Gómez 0-0: Called Strike
0-1: Swinging Strike
0-2: Ball
1-2: Foul Ball, location: 2F
1-2: Strikes out swinging
Batting: RHB Gary Roberts 0-0: Ball
1-0: Ball
2-0: Grounds into fielders choice 1-2 (Groundball, 13)
Jim Quinborough to third
Héctor Arteago to second
Batting: LHB Greg MacCanish 0-0: Foul Ball, location: 2F
0-1: Ball
1-1: SINGLE (Line Drive, 3D)
Jim Quinborough scores
Héctor Arteago to third
Gary Roberts to second
Batting: LHB Jason Mills 0-0: Ball
1-0: SINGLE (Line Drive, 6D)
Héctor Arteago scores
Gary Roberts to third
Greg MacCanish to second
Batting: RHB Jim Jones 0-0: SINGLE (Groundball, 4MD) (infield hit)
Gary Roberts scores
Greg MacCanish to third
Jason Mills to second
Batting: RHB Chester Mullins 0-0: Called Strike
0-1: Ball
1-1: Called Strike
1-2: Ball
2-2: Ball
3-2: Base on Balls
Greg MacCanish scores
Jason Mills to third
Jim Jones to second
Batting: RHB Julius Shelton 0-0: Ball
1-0: Called Strike
1-1: Swinging Strike
1-2: Ball
2-2: Foul Ball, location: 2F
2-2: Ball
3-2: Foul Ball, location: 2F
3-2: Base on Balls
Jason Mills scores
Jim Jones to third
Chester Mullins to second
Pitching: RHP John Stephenson
Batting: RHB Jim Quinborough 0-0: Called Strike
0-1: Called Strike
0-2: Strikes out looking
Bottom of the 4th over - 5 run(s), 5 hit(s), 0 error(s), 3 left on base; Oceanside HS 3 - Spanish Fork HS 7
TOP OF THE 5TH
Oceanside HS Pirates batting - Pitching for Spanish Fork HS : LHP Bob Taylor
Batting: LHB Miguel Maldonado 0-0: Ball
1-0: Foul Ball, location: 2F
1-1: Foul Ball, location: 2F
1-2: SOLO HOME RUN (Flyball, 7LD), Distance : 344 ft
Batting: RHB Glen Madden 0-0: Ball
1-0: Called Strike
1-1: Ball
2-1: Swinging Strike
2-2: DOUBLE (Groundball, 5L)
Batting: RHB Henry Rose 0-0: Fly out, F7 (Line Drive, 78M)
Batting: LHB Ron Young 0-0: Ball
1-0: Ball
Passed Ball!
Glen Madden to third
2-0: Foul Ball, location: 2F
2-1: Ball
3-1: Base on Balls
Pitching: RHP Wade Sweeny
Batting: RHB Danny Boykins 0-0: Ball
1-0: Ball
2-0: Called Strike
2-1: Ball
3-1: Swinging Strike
3-2: Strikes out swinging
Batting: SHB Jerry Young 0-0: Ball
1-0: Swinging Strike
1-1: SINGLE (Line Drive, 7LS)
Glen Madden scores
Ron Young to second
Batting: LHB Preston Spencer 0-0: Ball
1-0: Fly out, F8 (Flyball, 8RM)
Top of the 5th over - 2 run(s), 3 hit(s), 0 error(s), 2 left on base; Oceanside HS 5 - Spanish Fork HS 7
BOTTOM OF THE 5TH
Spanish Fork HS batting - Pitching for Oceanside HS Pirates : RHP John Stephenson
Batting: SHB Héctor Arteago 0-0: Swinging Strike
0-1: Ball
1-1: Swinging Strike
1-2: Ball
2-2: Ground out 1-3 (Groundball, 15)
Batting: SHB Miguel Gómez 0-0: Ball
1-0: Swinging Strike
1-1: Called Strike
1-2: Ball
2-2: Strikes out swinging
Batting: RHB Gary Roberts 0-0: Foul Ball, location: 2F
0-1: SINGLE (Groundball, 56D)
Batting: LHB Greg MacCanish 0-0: Ball
1-0: Ball
2-0: Called Strike
2-1: Foul Ball, location: 2F
2-2: Foul Ball, location: 2F
2-2: Ball
3-2: Fly out, F8 (Flyball, 8LM)
Bottom of the 5th over - 0 run(s), 1 hit(s), 0 error(s), 1 left on base; Oceanside HS 5 - Spanish Fork HS 7
TOP OF THE 6TH
Oceanside HS Pirates batting - Pitching for Spanish Fork HS : RHP Wade Sweeny
Batting: LHB Greg Sharpe 0-0: Called Strike
0-1: SINGLE (Groundball, 4MD)
Batting: RHB Anthony Payton 0-0: Ball
1-0: Swinging Strike
1-1: Called Strike
1-2: Ball
2-2: SINGLE (Line Drive, 89S)
Greg Sharpe to second
Batting: LHB Miguel Maldonado 0-0: Called Strike
0-1: Ball
1-1: Foul Ball, location: 2F
1-2: Grounds into double play, 4-6-3 (Groundball, 4)
Greg Sharpe to third
Batting: RHB Glen Madden 0-0: Swinging Strike
0-1: Ball
1-1: Swinging Strike
1-2: Foul Ball, location: 2F
1-2: Ground out 2-3 (Groundball, 25)
Top of the 6th over - 0 run(s), 2 hit(s), 0 error(s), 1 left on base; Oceanside HS 5 - Spanish Fork HS 7
BOTTOM OF THE 6TH
Spanish Fork HS batting - Pitching for Oceanside HS Pirates : RHP John Stephenson
Batting: LHB Jason Mills 0-0: Fly out, F6 (Popup, 5D)
Batting: RHB Jim Jones 0-0: Called Strike
0-1: Swinging Strike
0-2: Foul Ball, location: 2F
0-2: DOUBLE (Line Drive, 7LM)
Batting: RHB Chester Mullins 0-0: Ball
1-0: Fly out, F9 (Flyball, 9M)
Batting: RHB Julius Shelton 0-0: Called Strike
0-1: Fly out, F9 (Flyball, 89M)
Bottom of the 6th over - 0 run(s), 1 hit(s), 0 error(s), 1 left on base; Oceanside HS 5 - Spanish Fork HS 7
TOP OF THE 7TH
Oceanside HS Pirates batting - Pitching for Spanish Fork HS : RHP Wade Sweeny
Batting: RHB Henry Rose 0-0: Foul Ball, location: 2F
0-1: Ball
1-1: Ball
2-1: Ball
3-1: Base on Balls
Batting: LHB Ron Young 0-0: Ball
1-0: Foul Ball, location: 2F
1-1: Foul Ball, location: 2F
1-2: SINGLE (Line Drive, 8LS)
Henry Rose to second
Batting: RHB Danny Boykins 0-0: Ball
Henry Rose steals 3rd base
Ron Young to second
1-0: Ball
2-0: Ball
3-0: Called Strike
3-1: 3-RUN HOME RUN (Line Drive, 78XD), Distance : 396 ft
Pitching: RHP William Stevens
Batting: SHB Jerry Young 0-0: Ball
1-0: Called Strike
1-1: Foul Ball, location: 2F
1-2: Ball
2-2: Foul Ball, location: 2F
2-2: Ball
3-2: Ground out 4-3 (Groundball, 4M)
Batting: LHB Preston Spencer 0-0: Called Strike
0-1: Ball
1-1: Swinging Strike
1-2: Strikes out swinging
Batting: LHB Greg Sharpe 0-0: Fly out, F8 (Flyball, 8RM)
Top of the 7th over - 3 run(s), 2 hit(s), 0 error(s), 0 left on base; Oceanside HS 8 - Spanish Fork HS 7
BOTTOM OF THE 7TH
Spanish Fork HS batting - Pitching for Oceanside HS Pirates : RHP John Stephenson
Pitching: LHP Mariano García
Batting: RHB Jim Quinborough 0-0: Ball
1-0: Called Strike
1-1: Foul Ball, location: 2F
1-2: Strikes out swinging
Batting: SHB Héctor Arteago 0-0: Ball
1-0: Fly out, F8 (Flyball, 8LM)
Batting: SHB Miguel Gómez 0-0: Swinging Strike
0-1: Ball
1-1: Ball
2-1: Ball
3-1: Called Strike
3-2: Foul Ball, location: 2F
3-2: Strikes out swinging
Bottom of the 7th over - 0 run(s), 0 hit(s), 0 error(s), 0 left on base; Oceanside HS 8 - Spanish Fork HS 7
TOP OF THE 8TH
Oceanside HS Pirates batting - Pitching for Spanish Fork HS : RHP William Stevens
Batting: RHB Anthony Payton 0-0: Ball
1-0: Called Strike
1-1: Foul Ball, location: 2F
1-2: Reached on Error, E9 (Flyball, 9M)
Batting: LHB Miguel Maldonado 0-0: Bunted foul
0-1: Sac Bunt - play at second, runner OUT! 2-6
Batting: RHB Glen Madden 0-0: SINGLE (Groundball, 6D)
Miguel Maldonado to second
Batting: RHB Henry Rose 0-0: Ball
1-0: Called Strike
1-1: Swinging Strike
1-2: Strikes out swinging
Batting: LHB Ron Young 0-0: SINGLE (Line Drive, 3D)
Miguel Maldonado to third
Glen Madden to second
Runner from 3rd tries for Home, SAFE, no throw or cutoff
Batting: RHB Danny Boykins 0-0: Ground out U3 (Groundball, 3L)
Top of the 8th over - 1 run(s), 2 hit(s), 1 error(s), 2 left on base; Oceanside HS 9 - Spanish Fork HS 7
BOTTOM OF THE 8TH
Spanish Fork HS batting - Pitching for Oceanside HS Pirates : LHP Mariano García
Now at C: Curt Brown
Batting: RHB Gary Roberts 0-0: Ball
1-0: Called Strike
1-1: Foul Ball, location: 2F
1-2: Foul Ball, location: 2F
1-2: Ball
2-2: Ball
3-2: Base on Balls
Batting: LHB Greg MacCanish 0-0: Called Strike
0-1: Ball
1-1: 2-RUN HOME RUN (Line Drive, 9D), Distance : 372 ft
Batting: LHB Jason Mills 0-0: Called Strike
0-1: Ball
1-1: Swinging Strike
1-2: Fly out, F8 (Flyball, 8RS)
Batting: RHB Jim Jones 0-0: Ball
1-0: Hit by Pitch
Batting: RHB Chester Mullins 0-0: Ball
1-0: Ball
2-0: Ball
Jim Jones steals 2nd base
3-0: Intentional Walk
Batting: RHB Julius Shelton 0-0: Called Strike
0-1: Ball
1-1: Ball
2-1: Swinging Strike
2-2: Foul Ball, location: 2F
2-2: Fly out, F1 (Line Drive, 13)
2-2: Lined into DP, 1-3 (Line Drive, 13)
Bottom of the 8th over - 2 run(s), 1 hit(s), 0 error(s), 1 left on base; Oceanside HS 9 - Spanish Fork HS 9
TOP OF THE 9TH
Oceanside HS Pirates batting - Pitching for Spanish Fork HS : RHP William Stevens
Pitching: RHP Carl Cook
Batting: SHB Jerry Young 0-0: Called Strike
0-1: Ground out 1-3 (Groundball, 23)
Batting: LHB Preston Spencer 0-0: Ball
1-0: Foul Ball, location: 2F
1-1: Called Strike
1-2: Ball
2-2: Foul Ball, location: 2F
2-2: Ball
3-2: Strikes out looking
Batting: LHB Greg Sharpe 0-0: Called Strike
0-1: Foul Ball, location: 2F
0-2: Ball
1-2: Foul Ball, location: 2F
1-2: SINGLE (Line Drive, 78S)
Batting: RHB Anthony Payton 0-0: Called Strike
0-1: Ball
1-1: Called Strike
1-2: Foul Ball, location: 2F
1-2: Strikes out swinging
Top of the 9th over - 0 run(s), 1 hit(s), 0 error(s), 1 left on base; Oceanside HS 9 - Spanish Fork HS 9
BOTTOM OF THE 9TH
Spanish Fork HS batting - Pitching for Oceanside HS Pirates : LHP Mariano García
Batting: RHB Jim Quinborough 0-0: Called Strike
0-1: Swinging Strike
0-2: Ball
1-2: Ball
2-2: Strikes out looking
Pitching: RHP Thomas Hoffman
Batting: SHB Héctor Arteago 0-0: Ball
1-0: Fly out, F7 (Line Drive, 7M)
Batting: SHB Miguel Gómez 0-0: Foul Ball, location: 2F
0-1: Swinging Strike
0-2: Strikes out swinging
Bottom of the 9th over - 0 run(s), 0 hit(s), 0 error(s), 0 left on base; Oceanside HS 9 - Spanish Fork HS 9
TOP OF THE 10TH
Oceanside HS Pirates batting - Pitching for Spanish Fork HS : RHP Carl Cook
Batting: LHB Miguel Maldonado 0-0: Swinging Strike
0-1: Foul Ball, location: 2F
0-2: Ball
1-2: Strikes out looking
Batting: RHB Glen Madden 0-0: Ball
1-0: Called Strike
1-1: SINGLE (Flyball, 9S)
Batting: RHB Henry Rose 0-0: Ball
Glen Madden is caught stealing 2nd base
1-0: Ground out 1-3 (Groundball, 2R)
Top of the 10th over - 0 run(s), 1 hit(s), 0 error(s), 0 left on base; Oceanside HS 9 - Spanish Fork HS 9
BOTTOM OF THE 10TH
Spanish Fork HS batting - Pitching for Oceanside HS Pirates : RHP Thomas Hoffman
Batting: RHB Gary Roberts 0-0: Called Strike
0-1: Ball
1-1: Foul Ball, location: 2F
1-2: Ball
2-2: Foul Ball, location: 2F
2-2: Ground out 6-3 (Groundball, 6)
Batting: LHB Greg MacCanish 0-0: Ball
1-0: Swinging Strike
1-1: Ball
2-1: Foul Ball, location: 2F
2-2: Foul Ball, location: 2F
2-2: Ball
3-2: Foul Ball, location: 2F
3-2: Base on Balls
Batting: LHB Jason Mills 0-0: Ball
1-0: Called Strike
1-1: Called Strike
1-2: Ball
2-2: Ball
3-2: Foul Ball, location: 2F
3-2: Strikes out swinging
Batting: RHB Jim Jones 0-0: Ball
1-0: Foul Ball, location: 2F
1-1: Swinging Strike
1-2: Ball
2-2: Foul Ball, location: 2F
2-2: Strikes out swinging
Bottom of the 10th over - 0 run(s), 0 hit(s), 0 error(s), 1 left on base; Oceanside HS 9 - Spanish Fork HS 9
TOP OF THE 11TH
Oceanside HS Pirates batting - Pitching for Spanish Fork HS : RHP Carl Cook
Batting: LHB Ron Young 0-0: Ball
1-0: Ball
2-0: Ball
3-0: Base on Balls
Batting: RHB Curt Brown 0-0: Called Strike
0-1: Foul Ball, location: 2F
0-2: Grounds into double play, U4-3 (Groundball, 4)
Batting: SHB Jerry Young 0-0: Ball
1-0: Fly out, F5 (Popup, 5SF)
Top of the 11th over - 0 run(s), 0 hit(s), 0 error(s), 0 left on base; Oceanside HS 9 - Spanish Fork HS 9
BOTTOM OF THE 11TH
Spanish Fork HS batting - Pitching for Oceanside HS Pirates : RHP Thomas Hoffman
Batting: RHB Chester Mullins 0-0: Ball
1-0: Called Strike
1-1: Ball
2-1: DOUBLE (Groundball, 5L)
Batting: RHB Julius Shelton 0-0: Called Strike
0-1: Ball
1-1: Fly out, F8 (Flyball, 8RM)
Batting: RHB Jim Quinborough 0-0: Ball
1-0: Ball
2-0: Called Strike
2-1: Ball
3-1: Foul Ball, location: 2F
3-2: Base on Balls
Batting: SHB Héctor Arteago 0-0: Called Strike
0-1: Ball
1-1: Called Strike
1-2: 3-RUN HOME RUN (Flyball, 9D), Distance : 360 ft
Monday, December 5th, 2016 - OOTP Baseball 17.12 Build 75